| TOP OF THE 1ST |
|
New York Yankees batting - Pitching for Baltimore Orioles : LHP Aldo Questi
|
|
Pitching: LHP Aldo Questi
|
|
|
Batting: LHB Jordan de Jesus
|
0-0: Ball 1-0: Ball 2-0: Foul Ball, location: 2F 2-1: Fly out, F7 (Line Drive, 5D, EV 68.1 MPH)
|
|
Batting: LHB Evan Torraville
|
0-0: Called Strike 0-1: Ball 1-1: Ground out 6-3 (Groundball, 6, EV 102.5 MPH)
|
|
Batting: SHB Bartholomeu Chambino
|
0-0: Foul Ball, location: 2F 0-1: Foul Ball, location: 2F 0-2: Ball 1-2: Ball 2-2: Ball 3-2: Strikes out looking
|
| Top of the 1st over - 0 runs, 0 hits, 0 errors, 0 left on base; New York 0 - Baltimore 0 |
| BOTTOM OF THE 1ST |
|
Baltimore Orioles batting - Pitching for New York Yankees : LHP Francisco Rivas
|
|
Pitching: LHP Francisco Rivas
|
|
|
Batting: RHB Rudo Garciaparra
|
0-0: Ball 1-0: Foul Ball, location: 2F 1-1: Ball 2-1: Ground out 6-3 (Groundball, 6MS, EV 68.8 MPH)
|
|
Batting: RHB Marc Peckermark
|
0-0: Ball 1-0: Called Strike 1-1: Called Strike 1-2: SOLO HOME RUN (Flyball, 8RXD, EV 103.8 MPH), Distance : 417 ft
|
|
Batting: RHB Saimei Kudo
|
0-0: Ball 1-0: Called Strike 1-1: Reached on error, E6 (Groundball, 6, EV 83.8 MPH)
|
|
Batting: RHB Randy Johnson Jr.
|
0-0: Ball Saimei Kudo steals 2nd base 1-0: Ball 2-0: 2-RUN HOME RUN (Flyball, 7LD, EV 93.1 MPH), Distance : 358 ft
|
|
Batting: LHB Gabe Pace
|
0-0: Ball 1-0: Called Strike 1-1: SOLO HOME RUN (Flyball, 9LD, EV 92.5 MPH), Distance : 358 ft
|
|
Batting: RHB Jesse Basich
|
0-0: Ball 1-0: Foul Ball, location: 2F 1-1: Foul Ball, location: 2F 1-2: Foul Ball, location: 2F 1-2: Ball 2-2: Ball 3-2: Foul Ball, location: 2F 3-2: Foul Ball, location: 2F 3-2: Foul Ball, location: 2F 3-2: Foul Ball, location: 2F 3-2: Base on Balls
|
|
Batting: RHB Muneer Maudad
|
0-0: Called Strike 0-1: Ball 1-1: Ball 2-1: Called Strike 2-2: Ball 3-2: Foul Ball, location: 2F 3-2: Strikes out swinging Jesse Basich steals 2nd base (no throw) Batter strikes out.
|
|
Batting: RHB Kory Sanchez
|
0-0: SINGLE (Line Drive, 4MD, EV 105.0 MPH) Jesse Basich to third Runner from 3rd tries for Home, SAFE, throw by CF to home
|
|
Batting: RHB Andres Leon
|
0-0: Ground out 4-3 (Groundball, 4, EV 101.2 MPH)
|
| Bottom of the 1st over - 5 runs, 4 hits, 1 error, 1 left on base; New York 0 - Baltimore 5 |
| TOP OF THE 2ND |
|
New York Yankees batting - Pitching for Baltimore Orioles : LHP Aldo Questi
|
|
Batting: RHB C.J. Richerson
|
0-0: Ball 1-0: DOUBLE (Line Drive, 89D, EV 106.9 MPH)
|
|
Batting: LHB Jim Skare
|
0-0: Ball 1-0: Ball 2-0: Called Strike 2-1: Ball 3-1: Called Strike 3-2: Foul Ball, location: 2F 3-2: Foul Ball, location: 2F 3-2: Foul Ball, location: 2F 3-2: DOUBLE (Flyball, 7LD, EV 88.8 MPH) C.J. Richerson scores
|
|
Pinch Runner at 2nd Yao-pang Tien:
|
|
|
Batting: RHB Russ Shambaugh
|
0-0: Called Strike 0-1: Swinging Strike 0-2: Strikes out swinging
|
|
Batting: LHB Jason Peck
|
0-0: Ball 1-0: Ball 2-0: Ball 3-0: Base on Balls
|
|
Batting: LHB David Bramble
|
0-0: Called Strike 0-1: Grounds into double play, 4-6-3 (Groundball, 4D, EV 108.1 MPH)
|
| Top of the 2nd over - 1 run, 2 hits, 0 errors, 1 left on base; New York 1 - Baltimore 5 |
| BOTTOM OF THE 2ND |
|
Baltimore Orioles batting - Pitching for New York Yankees : LHP Francisco Rivas
|
|
Batting: RHB Rudo Garciaparra
|
0-0: Ball 1-0: Foul Ball, location: 2F 1-1: SINGLE (Line Drive, 34D, EV 98.1 MPH)
|
|
Batting: RHB Marc Peckermark
|
0-0: Ball 1-0: Ball 2-0: Fly out, F9 (Flyball, 9D, EV 89.4 MPH)
|
|
Batting: RHB Saimei Kudo
|
0-0: Called Strike 0-1: Ball 1-1: Ball 2-1: Ball 3-1: Called Strike 3-2: Fly out, F4 (Popup, 34, EV 59.4 MPH)
|
|
Batting: RHB Randy Johnson Jr.
|
0-0: Ball 1-0: Ball 2-0: Ball 3-0: Base on Balls Rudo Garciaparra to second
|
|
Pitching: RHP Jason Greene
|
|
|
Batting: LHB Gabe Pace
|
0-0: Ball 1-0: Foul Ball, location: 2F 1-1: Fly out, F9 (Line Drive, 9, EV 94.4 MPH)
|
| Bottom of the 2nd over - 0 runs, 1 hit, 0 errors, 2 left on base; New York 1 - Baltimore 5 |
| TOP OF THE 3RD |
|
New York Yankees batting - Pitching for Baltimore Orioles : LHP Aldo Questi
|
|
Batting: LHB Brad Ritter
|
0-0: Ball 1-0: SOLO HOME RUN (Flyball, 7LD, EV 91.9 MPH), Distance : 357 ft
|
|
Batting: LHB Jordan de Jesus
|
0-0: Called Strike 0-1: Ball 1-1: Ball 2-1: Foul Ball, location: 2F 2-2: Foul Ball, location: 2F 2-2: Strikes out swinging
|
|
Batting: LHB Evan Torraville
|
0-0: Called Strike 0-1: Swinging Strike 0-2: Ball 1-2: Ball 2-2: Foul Ball, location: 2F 2-2: Ball 3-2: SINGLE (Line Drive, 8RS, EV 98.1 MPH)
|
|
Batting: SHB Bartholomeu Chambino
|
0-0: Ball Evan Torraville is caught stealing 2nd base 2-4 1-0: Called Strike 1-1: Foul Ball, location: 2F 1-2: Fly out, F9 (Flyball, 9D, EV 108.8 MPH)
|
| Top of the 3rd over - 1 run, 2 hits, 0 errors, 0 left on base; New York 2 - Baltimore 5 |
| BOTTOM OF THE 3RD |
|
Baltimore Orioles batting - Pitching for New York Yankees : RHP Jason Greene
|
|
Batting: RHB Jesse Basich
|
0-0: Called Strike 0-1: Foul Ball, location: 2F 0-2: Foul Ball, location: 2F 0-2: Strikes out looking
|
|
Batting: RHB Muneer Maudad
|
0-0: Foul Ball, location: 2F 0-1: Ground out 6-3 (Groundball, 6M, EV 87.5 MPH)
|
|
Batting: RHB Kory Sanchez
|
0-0: Called Strike 0-1: Ball 1-1: Swinging Strike 1-2: Strikes out swinging, 2-3 out at first.
|
| Bottom of the 3rd over - 0 runs, 0 hits, 0 errors, 0 left on base; New York 2 - Baltimore 5 |
| TOP OF THE 4TH |
|
New York Yankees batting - Pitching for Baltimore Orioles : LHP Aldo Questi
|
|
Batting: RHB C.J. Richerson
|
0-0: Ball 1-0: Ball 2-0: Ball 3-0: Base on Balls
|
|
Batting: LHB Yao-pang Tien
|
0-0: Foul Ball, location: 2F 0-1: Fly out, F6 (Popup, 6M, EV 65.6 MPH)
|
|
Batting: RHB Russ Shambaugh
|
0-0: Ball C.J. Richerson steals 2nd base 1-0: Fly out, F8 (Line Drive, 8LD, EV 92.5 MPH)
|
|
Batting: LHB Jason Peck
|
0-0: Ball 1-0: Ball 2-0: Ball 3-0: Called Strike 3-1: Foul Ball, location: 2F 3-2: SINGLE (Line Drive, 8LS, EV 109.4 MPH) C.J. Richerson to third Runner from 3rd tries for Home, throw by CF and OUT! 8-2
|
| Top of the 4th over - 0 runs, 1 hit, 0 errors, 1 left on base; New York 2 - Baltimore 5 |
| BOTTOM OF THE 4TH |
|
Baltimore Orioles batting - Pitching for New York Yankees : RHP Jason Greene
|
|
Batting: RHB Andres Leon
|
0-0: Ball 1-0: Foul Ball, location: 2F 1-1: Fly out, F9 (Flyball, 9S, EV 92.5 MPH)
|
|
Batting: RHB Rudo Garciaparra
|
0-0: Foul Ball, location: 2F 0-1: Ball 1-1: Ball 2-1: SOLO HOME RUN (Flyball, 9D, EV 97.5 MPH), Distance : 379 ft
|
|
Batting: RHB Marc Peckermark
|
0-0: Ball 1-0: Ball 2-0: Ball 3-0: Base on Balls
|
|
Batting: RHB Saimei Kudo
|
0-0: Called Strike 0-1: Foul Ball, location: 2F 0-2: Foul Ball, location: 2F 0-2: Strikes out swinging
|
|
Batting: RHB Randy Johnson Jr.
|
0-0: Called Strike 0-1: Reached on error, E4 (Groundball, 4S, EV 85.0 MPH) Marc Peckermark to second
|
|
Batting: LHB Gabe Pace
|
0-0: Called Strike 0-1: Ball 1-1: Fly out, F7 (Flyball, 7D, EV 91.2 MPH)
|
| Bottom of the 4th over - 1 run, 1 hit, 1 error, 2 left on base; New York 2 - Baltimore 6 |
| TOP OF THE 5TH |
|
New York Yankees batting - Pitching for Baltimore Orioles : LHP Aldo Questi
|
|
Batting: LHB David Bramble
|
0-0: Ball 1-0: Foul Ball, location: 2F 1-1: DOUBLE (Line Drive, 89D, EV 100.0 MPH)
|
|
Batting: LHB Brad Ritter
|
0-0: 2-RUN HOME RUN (Flyball, 7D, EV 97.5 MPH), Distance : 365 ft
|
|
Batting: LHB Jordan de Jesus
|
0-0: Fly out, F7 (Flyball, 7, EV 69.4 MPH)
|
|
Batting: LHB Evan Torraville
|
0-0: Ball 1-0: Ground out 4-3 (Groundball, 4S, EV 88.8 MPH)
|
|
Batting: SHB Bartholomeu Chambino
|
0-0: Ball 1-0: Ball 2-0: Foul Ball, location: 2F 2-1: Foul Ball, location: 2F 2-2: Ball 3-2: Ground out 5-3 (Groundball, 56S, EV 88.1 MPH)
|
| Top of the 5th over - 2 runs, 2 hits, 0 errors, 0 left on base; New York 4 - Baltimore 6 |
| BOTTOM OF THE 5TH |
|
Baltimore Orioles batting - Pitching for New York Yankees : RHP Jason Greene
|
|
Batting: RHB Jesse Basich
|
0-0: Ball 1-0: Called Strike 1-1: Ground out 4-3 (Groundball, 4, EV 104.4 MPH)
|
|
Batting: RHB Muneer Maudad
|
0-0: Ball 1-0: Fly out, F9 (Flyball, 9S, EV 86.2 MPH)
|
|
Batting: RHB Kory Sanchez
|
0-0: Ball 1-0: Ball 2-0: Ground out 4-3 (Groundball, 4S, EV 84.4 MPH)
|
| Bottom of the 5th over - 0 runs, 0 hits, 0 errors, 0 left on base; New York 4 - Baltimore 6 |
| TOP OF THE 6TH |
|
New York Yankees batting - Pitching for Baltimore Orioles : LHP Aldo Questi
|
|
Batting: RHB C.J. Richerson
|
0-0: Called Strike 0-1: Swinging Strike 0-2: Ball 1-2: SINGLE (Line Drive, 6MD, EV 98.8 MPH)
|
|
Batting: LHB Yao-pang Tien
|
0-0: Ball 1-0: Called Strike 1-1: Called Strike 1-2: Ball 2-2: SINGLE (Line Drive, 7LS, EV 90.6 MPH) C.J. Richerson to second C.J. Richerson to third
|
|
Batting: RHB Russ Shambaugh
|
0-0: Ball 1-0: Foul Ball, location: 2F 1-1: Ball 2-1: DOUBLE (Flyball, 8LD, EV 100.6 MPH) C.J. Richerson scores Yao-pang Tien to third
|
|
Pitching: RHP Chris Dauphin
|
|
|
Batting: LHB Jason Peck
|
0-0: Ground out 6-3 (Groundball, 6, EV 88.1 MPH) Yao-pang Tien scores Russ Shambaugh to third
|
|
Batting: LHB David Bramble
|
0-0: Ground out 4-3 (Groundball, 4, EV 89.4 MPH)
|
|
Batting: LHB Brad Ritter
|
0-0: Fly out, F7 (Flyball, 78M, EV 82.5 MPH)
|
| Top of the 6th over - 2 runs, 3 hits, 0 errors, 1 left on base; New York 6 - Baltimore 6 |
| BOTTOM OF THE 6TH |
|
Baltimore Orioles batting - Pitching for New York Yankees : RHP Jason Greene
|
|
Batting: RHB Andres Leon
|
0-0: Ball 1-0: Ball 2-0: Called Strike 2-1: Ball 3-1: Base on Balls
|
|
Batting: RHB Rudo Garciaparra
|
0-0: Called Strike 0-1: Ball 1-1: Foul Ball, location: 2F 1-2: Foul Ball, location: 2F 1-2: Ball 2-2: Ball 3-2: Ground out 4-3 (Groundball, 4, EV 83.8 MPH) Andres Leon to second
|
|
Batting: RHB Marc Peckermark
|
0-0: Ball 1-0: Foul Ball, location: 2F 1-1: Ball 2-1: Called Strike 2-2: Strikes out looking
|
|
Pitching: RHP Dave Barry
|
|
|
Batting: RHB Saimei Kudo
|
0-0: Ball 1-0: Ball 2-0: Ground out 3-1 (Groundball, 34, EV 80.0 MPH)
|
| Bottom of the 6th over - 0 runs, 0 hits, 0 errors, 1 left on base; New York 6 - Baltimore 6 |
| TOP OF THE 7TH |
|
New York Yankees batting - Pitching for Baltimore Orioles : RHP Chris Dauphin
|
|
Batting: LHB Jordan de Jesus
|
0-0: Ball 1-0: Called Strike 1-1: Called Strike 1-2: Strikes out swinging
|
|
Batting: LHB Evan Torraville
|
0-0: Called Strike 0-1: Ground out 4-3 (Groundball, 4M, EV 90.0 MPH)
|
|
Batting: SHB Bartholomeu Chambino
|
0-0: Ball 1-0: Ball 2-0: Called Strike 2-1: Foul Ball, location: 2F 2-2: Foul Ball, location: 2F 2-2: Foul Ball, location: 2F 2-2: Fly out, F4 (Popup, 3S, EV 76.9 MPH)
|
| Top of the 7th over - 0 runs, 0 hits, 0 errors, 0 left on base; New York 6 - Baltimore 6 |
| BOTTOM OF THE 7TH |
|
Baltimore Orioles batting - Pitching for New York Yankees : RHP Dave Barry
|
|
Batting: RHB Randy Johnson Jr.
|
0-0: SOLO HOME RUN (Flyball, 7LD, EV 94.4 MPH), Distance : 352 ft
|
|
Batting: LHB Gabe Pace
|
0-0: Ball 1-0: Ball 2-0: Ball 3-0: Called Strike 3-1: Called Strike 3-2: Strikes out swinging
|
|
Batting: RHB Jesse Basich
|
0-0: Foul Ball, location: 2F 0-1: Called Strike 0-2: Ball 1-2: Strikes out swinging
|
|
Batting: RHB Muneer Maudad
|
0-0: Ball 1-0: Ground out 5-3 (Groundball, 5L, EV 91.9 MPH)
|
| Bottom of the 7th over - 1 run, 1 hit, 0 errors, 0 left on base; New York 6 - Baltimore 7 |
| TOP OF THE 8TH |
|
New York Yankees batting - Pitching for Baltimore Orioles : RHP Chris Dauphin
|
|
Pitching: RHP Bobby Marble
|
|
|
Now in LF: Gabe Pace
|
|
|
Now in RF: Blake Ballard
|
|
|
Batting: RHB C.J. Richerson
|
0-0: Called Strike 0-1: Ball 1-1: Ball 2-1: Ball 3-1: Base on Balls
|
|
Batting: LHB Yao-pang Tien
|
0-0: Called Strike 0-1: Ball 1-1: Fly out, F8 (Line Drive, 8LM, EV 92.5 MPH)
|
|
Batting: RHB Russ Shambaugh
|
0-0: Ball 1-0: Foul Ball, location: 2F 1-1: Ball 2-1: Foul Ball, location: 2F 2-2: Strikes out swinging
|
|
Pitching: LHP Justin Dine
|
|
|
Batting: LHB Jason Peck
|
0-0: Ball 1-0: Ball 2-0: Foul Ball, location: 2F 2-1: Foul Ball, location: 2F 2-2: Ball 3-2: Foul Ball, location: 2F 3-2: SINGLE (Line Drive, 7LM, EV 90.6 MPH) C.J. Richerson to second C.J. Richerson to third
|
|
Pinch Hitting: RHB James Boynton
|
0-0: Fly out, F4 (Popup, 4S, EV 68.8 MPH)
|
| Top of the 8th over - 0 runs, 1 hit, 0 errors, 2 left on base; New York 6 - Baltimore 7 |
| BOTTOM OF THE 8TH |
|
Baltimore Orioles batting - Pitching for New York Yankees : RHP Dave Barry
|
|
Pitching: LHP Robert Cruz
|
|
|
Now in LF: Kazuyoshi Nakamura
|
|
|
Batting: RHB Kory Sanchez
|
0-0: Ball 1-0: Ball 2-0: Foul Ball, location: 2F 2-1: Ball 3-1: Called Strike 3-2: Foul Ball, location: 2F 3-2: Strikes out swinging
|
|
Batting: RHB Andres Leon
|
0-0: Called Strike 0-1: Ground out 5-3 (Groundball, 56S, EV 68.1 MPH)
|
|
Batting: RHB Rudo Garciaparra
|
0-0: Ball 1-0: Swinging Strike 1-1: Foul Ball, location: 2F 1-2: Strikes out swinging
|
| Bottom of the 8th over - 0 runs, 0 hits, 0 errors, 0 left on base; New York 6 - Baltimore 7 |
| TOP OF THE 9TH |
|
New York Yankees batting - Pitching for Baltimore Orioles : LHP Justin Dine
|
|
Pitching: RHP Riso Profanter
|
|
|
Batting: LHB Brad Ritter
|
0-0: Foul Ball, location: 2F 0-1: Fly out, F9 (Flyball, 9LMF, EV 94.4 MPH)
|
|
Batting: LHB Jordan de Jesus
|
0-0: Ball 1-0: DOUBLE (Line Drive, 89D, EV 108.1 MPH)
|
|
Batting: LHB Evan Torraville
|
0-0: Ball 1-0: Ball 2-0: Called Strike 2-1: Swinging Strike 2-2: Strikes out swinging
|
|
Batting: SHB Bartholomeu Chambino
|
0-0: Ball 1-0: Foul Ball, location: 2F 1-1: Swinging Strike 1-2: Foul Ball, location: 2F 1-2: Ground out 1-3 (Groundball, 13S, EV 66.2 MPH)
|
| Top of the 9th over - 0 runs, 1 hit, 0 errors, 1 left on base; New York 6 - Baltimore 7 |
|